 Dungeon Crawl Stone Soup version 0.29.1-1-gd02db6906a (webtiles) character file.

Game seed: 16944051083462612630

68 vvl the Digger (level 4, -7/35 HPs)
             Began as a Ghoul Earth Elementalist on Sept 28, 2022.
             Mangled by Crazy Yiuf
             ... wielding a +3 quarterstaff of chaos
              (14 damage)
             ... on level 2 of the Dungeon.
             The game lasted 00:04:20 (2374 turns).

vvl the Digger (Ghoul Earth Elementalist)           Turns: 2374, Time: 00:04:21

Health: -7/35      AC:  5    Str: 11    XL:     4   Next: 19%
Magic:  1/6        EV: 11    Int: 12    God:
Gold:   217        SH:  0    Dex:  9    Spells: 6/7 levels left

rFire   . . .      SeeInvis .   o - +2 hammer (vorpal)
rCold   + . .      Faith    .   (no shield)
rNeg    + + +      Spirit   .   p - +0 leather armour
rPois   ∞          Reflect  .   m - +0 helmet
rElec   .          Harm     .   (no cloak)
rCorr   .          Rampage  .   e - +0 pair of gloves
Will    .....                   (no boots)
Stlth   +.........              (no amulet)
HPRegen 0.00/turn               (no ring)
MPRegen 0.10/turn               (no ring)

@: inhibited regen, hasted, very quick
A: claws 1, cold resistance 1, negative energy resistance 3, inhibited
regeneration, torment resistance 2, devour on kill
a: no special abilities


You were on level 2 of the Dungeon.
You visited 1 branch of the dungeon, and saw 2 of its levels.

You collected 217 gold pieces.

Inventory:

Hand Weapons
 d - a +0 short sword
 o - a +2 vorpal hammer (weapon)
Armour
 e - a +0 pair of gloves (worn)
 m - a +0 helmet (worn)
 p - a +0 leather armour (worn)
Scrolls
 a - a scroll of summoning {unknown}
 c - a scroll of noise {unknown}
 h - a scroll of identify {unknown}
 i - a scroll of immolation {unknown}
 j - 2 scrolls of teleportation {unknown}
 k - a scroll of brand weapon {unknown}
 q - a scroll of silence {unknown}
 r - a scroll of butterflies {unknown}
 s - a scroll of vulnerability {unknown}
Potions
 b - a potion of magic
 f - 2 potions of might {unknown}
 g - a potion of haste {unknown}
 l - a potion of flight {unknown}
 n - a potion of curing {unknown}


   Skills:
 + Level 1.2 Fighting
 + Level 0.1 Armour
 + Level 2.1 Dodging
 - Level 2.1 Stealth
 + Level 2.0 Spellcasting
 + Level 0.9 Necromancy
 + Level 1.5 Transmutations
 + Level 3.7 Earth Magic
 + Level 1.1 Poison Magic


You had 6 spell levels left.
You knew the following spells:

 Your Spells              Type           Power      Damage    Failure   Level
a - Sandblast             Erth           20%        2d7       8%          1

Your spell library contained the following spells:

 Spells                   Type           Power      Damage    Failure   Level
 Passwall                 Tmut/Erth      5%         N/A       19%         2
 Stone Arrow              Conj/Erth      10%        3d7       45%         3
 Petrify                  Tmut/Erth      7%         N/A       77%         4


Dungeon Overview and Level Annotations

Branches:
Dungeon (2/15)

Altars:

Annotations:
D:2 Crazy Yiuf


Innate Abilities, Weirdness & Mutations

You are immune to poison.
You have sharp fingernails.
Your flesh is cold resistant. (rC+)
You are immune to negative energy. (rN+++)
You do not regenerate when monsters are visible.
You are immune to unholy pain and torment.
You thrive by killing the living.


Message History

You see here a +0 hammer.
You see here a +0 hammer.
You see here a +0 hammer.
You see here a +0 hammer.
Crazy Yiuf shouts!
Could not explore, unopened runed door.
Could not explore, unopened runed door.
Could not explore, unopened runed door.
You open the door.
The blast of sand hits Crazy Yiuf!
Crazy Yiuf is heavily wounded.
Crazy Yiuf hits you with a +3 quarterstaff of chaos!
The blast of sand hits Crazy Yiuf.
Crazy Yiuf is severely wounded.
Crazy Yiuf closely misses you.
The blast of sand hits Crazy Yiuf.
Crazy Yiuf is almost dead.
Crazy Yiuf hits you with a +3 quarterstaff of chaos!
You feel yourself speed up. Crazy Yiuf misses you.
You are too injured to fight recklessly!
Casting: Sandblast (safe; 8% risk of failure)
Confirm with . or Enter, or press ? or * to list all spells.
Aiming: Sandblast (safe; 8% risk of failure)
Press: ? - help, Shift-Dir - straight line, f/p - Crazy Yiuf
Aim: Crazy Yiuf, wielding a +3 quarterstaff of chaos and wearing a +0 cloak (almost dead, 84% to hit)
The blast of sand hits Crazy Yiuf.
Crazy Yiuf is almost dead.
Crazy Yiuf hits you with a +3 quarterstaff of chaos!
* * * LOW HITPOINT WARNING * * *
You feel as though your hastened speed will last longer.
Casting: Sandblast (safe; 8% risk of failure)
Confirm with . or Enter, or press ? or * to list all spells.
Aiming: Sandblast (safe; 8% risk of failure)
Press: ? - help, Shift-Dir - straight line, f/p - Crazy Yiuf
Aim: Crazy Yiuf, wielding a +3 quarterstaff of chaos and wearing a +0 cloak (almost dead, 84% to hit)
The blast of sand hits Crazy Yiuf.
Crazy Yiuf is almost dead.
Crazy Yiuf yells, "Whippet arga high!"
Crazy Yiuf hits you with a +3 quarterstaff of chaos!
You die...

#.##.### #..#### #.##
#.# #.#...# #..# #..##
#.# #.#.#.# #..#
#.#.###.# #...#.# ####
#.##.##.# #.#####
#.###.#.# #...#.#
♣♣♣♣♣##.......)
###.#.# ###
♣♣♣.♣.))#..##.#.#
#...#
#...#♣..♣.))).).#.##.#
##.##
#...g@♣♣♣♣)).....###.#
#..# #)..#♣♣
♣♣))#).####.# #### ###
♣♣##.......# #..#.####
#.##.# #.##.# #.##.#
#.##.### #......#


You could see Crazy Yiuf.

Vanquished Creatures
  An adder (D:2)
  A worm (D:2)
  5 bats
  2 endoplasms (D:1)
  4 giant cockroaches
  5 goblins
  4 hobgoblins
  8 jackals (D:1)
  2 quokkas
  3 ball pythons
  A frilled lizard (D:2)
  5 kobolds
  9 rats
50 creatures vanquished.

Notes
Turn   | Place    | Note
-------+----------+-------------------------------------------
     0 | D:1      | vvl the Ghoul Earth Elementalist began the quest for the
                  | Orb.
     0 | D:1      | Reached XP level 1. HP: 14/14 MP: 2/2
   141 | D:1      | Reached skill level 1 in Transmutations
   174 | D:1      | Reached XP level 2. HP: 11/22 MP: 3/3
   366 | D:1      | Found a faded altar of an unknown god.
   801 | D:1      | Reached skill level 1 in Fighting
   965 | D:1      | Reached XP level 3. HP: 28/28 MP: 1/4
  1165 | D:1      | Reached skill level 1 in Poison Magic
  1813 | D:2      | Found a runed translucent door.
  1814 | D:2      | Noticed Crazy Yiuf
  2279 | D:2      | Reached XP level 4. HP: 35/35 MP: 6/6
  2374 | D:2      | Mangled by Crazy Yiuf

Illustrated notes

Levels and vault maps discovered:
D:1:      wander_arrival_fairy_ring, layout_loops_corners,
          hellmonk_ecumenical_altar_dog_temple
D:2:      layout_loops_ring, uniq_crazy_yiuf_cottage

Skill      XL: |  1  2  3 |
---------------+----------+-----
Transmutations | 1 |  1.5
Dodging        | 2 |  2.1
Fighting       | 1 |  1.2
Spellcasting   | 2 |  2.0
Poison Magic   | 1 |  1.1
Armour         | |  0.1
Stealth        | |  2.1
Necromancy     | |  0.9
Earth Magic    | |  3.7

Action                   |  1- 3 |  4- 6 || total
-------------------------+-------+-------++-------
Melee: Unarmed           |    17 |       ||    17
       Short sword       |    39 |       ||    39
       Mace              |     9 |     1 ||    10
 Cast: Sandblast         |    47 |     7 ||    54
 Stab: Sleeping          |     1 |       ||     1
Armor: Robe              |    19 |       ||    19
       Leather armour    |     5 |     1 ||     6
Dodge: Dodged            |    52 |     4 ||    56
